 Dungeon Crawl Stone Soup version 0.23.2-1-ga50397a (webtiles) character file.

Game seed: 6963409770111816901

196 shadizar the Skirmisher (level 5, -3/33 HPs)
             Began as a Gargoyle Fighter on May 12, 2019.
             Was a Follower of the Shining One.
             Slain by a mummy (8 damage)
             ... in an ossuary.
             The game lasted 00:02:34 (1818 turns).

shadizar the Skirmisher (Gargoyle Fighter)          Turns: 1818, Time: 00:02:36

Health: -3/33      AC: 12    Str: 26    XL:     5   Next: 74%
Magic:  5/5        EV: 13    Int:  8    God:    the Shining One [*.....]
Gold:   98         SH: 10    Dex: 14    Spells: 4/4 levels left

rFire    . . .     SeeInvis .   a - +0 flail
rCold    . . .     Gourm    .   c - +0 shield
rNeg     + . .     Faith    .   b - +0 scale mail
rPois    ∞         Spirit   .   (no helmet)
rElec    +         Reflect  .   (no cloak)
rCorr    .         Harm     .   (no gloves)
MR       .....                  k - +0 pair of boots
Stlth    +.........             (no amulet)
HPRegen  0.11/turn              (no ring)
MPRegen  0.09/turn              (no ring)

@: mighty, agile, glowing
A: negative energy resistance 1, electricity resistance, unbreathing,
petrification resistance, rot immunity, AC +4
a: Renounce Religion


You were in an ossuary.
You worshipped the Shining One.
The Shining One was aware of your devotion.
You were hungry.

You visited 1 branch of the dungeon, and saw 4 of its levels.
You also visited: Ossuary.

You collected 98 gold pieces.

Inventory:

Hand Weapons
 a - a +0 flail (weapon)
Armour
 b - a +0 scale mail (worn)
 c - a +0 shield (worn)
 k - a +0 pair of boots (worn)
Jewellery
 m - an uncursed ring of stealth {unknown}
Scrolls
 e - a scroll of remove curse {unknown}
 g - 3 scrolls of teleportation {unknown}
 h - 4 scrolls of identify {unknown}
 j - a scroll of amnesia {unknown}
Potions
 l - a potion of lignification {unknown}
 o - a potion of degeneration {unknown}
 p - a potion of haste {unknown}
 q - a potion of flight {unknown}
Comestibles
 f - 5 rations


   Skills:
 + Level 4.3 Fighting
 + Level 3.7 Maces & Flails
 + Level 3.9 Armour
 + Level 1.1 Dodging
 + Level 4.2 Shields


You had 4 spell levels left.
You didn't know any spells.
Your spell library was empty.

Dungeon Overview and Level Annotations

Branches:
Dungeon (3/15)

Altars:
The Shining One


Innate Abilities, Weirdness & Mutations

You are resistant to torment.
Your stone body is resilient. (AC +4)
You are immune to poison.
You resist negative energy. (rN+)
You are resistant to electric shocks. (rElec)
You can survive without breathing.
You are immune to petrification.
You are immune to rotting.


Message History

The elf zombie is moderately damaged.
The elf zombie barely misses you.
You sock the elf zombie!
The elf zombie is heavily damaged.
The elf zombie closely misses you.
You bludgeon the elf zombie!!
The elf zombie is severely damaged.
You block the elf zombie's attack.
You sock the elf zombie!
The elf zombie is almost destroyed.
The elf zombie hits you.
* * * LOW HITPOINT WARNING * * *
Okay, then.
You bludgeon the elf zombie!!
You destroy the elf zombie!
The Shining One accepts your kill.
It was a potion of agility.
You feel agile all of a sudden. The mummy hits you!
You die...

...........
#..................
#.....##..........Z
#.....##..........Z
#..................
#..................
####Z........#####.
#??#Z..............
#?@MZZ.........∩...
###################


You could see a mummy, a gnoll zombie, a big kobold zombie, an orc zombie and a
human zombie.

Vanquished Creatures
  An elf zombie (Ossuary)
  A mummy (Ossuary)
  A gnoll (D:1)
  3 adders
  An adder zombie (Ossuary)
  A worm (D:2)
  3 dart slugs
  A leopard gecko (D:1)
  An orc (D:3)
  3 giant cockroaches (D:3)
  A gnoll zombie (Ossuary)
  6 goblins
  9 hobgoblins
  7 jackals
  8 kobolds
  A quokka (D:2)
  7 bats
  A frilled lizard (D:1)
  2 goblin zombies (Ossuary)
  2 hobgoblin zombies (Ossuary)
  A jackal zombie (Ossuary)
  5 rats
66 creatures vanquished.

Notes
Turn   | Place    | Note
-------+----------+-------------------------------------------
     0 | D:1      | shadizar the Gargoyle Fighter began the quest for the Orb.
     0 | D:1      | Reached XP level 1. HP: 14/14 MP: 1/1
    50 | D:1      | Reached XP level 2. HP: 11/19 MP: 2/2
   210 | D:1      | Reached XP level 3. HP: 21/24 MP: 3/3
   806 | D:2      | Reached XP level 4. HP: 25/29 MP: 4/4
  1231 | D:2      | Found a glowing golden altar of the Shining One.
  1239 | D:2      | Became a worshipper of the Shining One
  1693 | D:3      | Reached skill level 1 in Dodging
  1700 | D:3      | You fall through a shaft!
  1748 | D:4      | Found a sand-covered staircase.
  1756 | Ossuary  | Entered an ossuary
  1765 | Ossuary  | Reached * piety under the Shining One
  1785 | Ossuary  | Reached XP level 5. HP: 13/33 MP: 5/5
  1818 | Ossuary  | Slain by a mummy

Skill      XL: |  1  2  3  4 |
---------------+-------------+-----
Fighting       | 4 |  4.3
Maces & Flails | 3 |  3.7
Shields        | 4 |  4.2
Dodging        | 1 |  1.1
Armour         | |  3.9

Action                   |  1- 3 |  4- 6 || total
-------------------------+-------+-------++-------
Melee: Flail             |   135 |   138 ||   273
  Use: Potion            |       |     2 ||     2
  Eat: Chunk             |       |     3 ||     3
Armor: Scale mail        |   101 |    91 ||   192
Dodge: Dodged            |    48 |    55 ||   103
Block: Shield            |    96 |    93 ||   189
